 Dungeon Crawl Stone Soup version 0.30-a0-883-g5ad918d77d (webtiles) character file.

Game seed: 768138724021506571

14107 Pimp the Purveyor of Pain (level 11, -2/81 HPs)
             Began as a Demonspawn Necromancer on Mar 17, 2023.
             Was an Initiate of Kikubaaqudgha.
             Slain by a seven-headed hydra (11 damage)
             ... on level 2 of the Lair of Beasts.
             The game lasted 01:32:00 (13905 turns).

Pimp the Purveyor of Pain (Demonspawn Necromancer) Turns: 13905, Time: 01:32:01

Health: -2/81      AC: 19    Str: 14    XL:     11   Next: 84%
Magic:  12/22      EV: 14    Int: 27    God:    Kikubaaqudgha [......]
Gold:   526        SH:  6    Dex: 20    Spells: 3/25 levels left

rFire   + . .      SeeInvis .    o - staff of death
rCold   . . .      Faith    .    p - +0 buckler
rNeg    + . .      Spirit   .    e - +5 ring mail of Dice, Bag, and Bottle {rF+ Dex+4}
rPois   .          Reflect  .    (helmet restricted)
rElec   .          Rampage  .    C - +0 cloak
rCorr   .                        c - +0 pair of gloves
Will    .....                    m - +0 pair of boots
Stlth   +++                      (no amulet)
HPRegen 0.33/turn                k - +6 ring of strength
MPRegen 0.18/turn                h - +4 ring of protection

@: about to teleport
A: antennae 2, ignite blood 1, powered by death 1, big brain 2, agile 1, clever
1
a: Renounce Religion


You were on level 2 of the Lair of Beasts.
You worshipped Kikubaaqudgha.
Kikubaaqudgha was noncommittal.
You visited 3 branches of the dungeon, and saw 12 of its levels.

You collected 526 gold pieces.

Inventory:

Hand Weapons
 g - a +1 hand axe
Missiles
 v - 15 poisoned darts
 z - 6 silver javelins
 A - a curare-tipped dart
Armour
 a - a +1 robe
 c - a +0 pair of gloves (worn)
 e - the +5 ring mail of Dice, Bag, and Bottle (worn) {rF+ Dex+4}
   (You took it off an orc on level 6 of the Dungeon)

   Dex:       It affects your dexterity (+4).
   rF:        It protects you from fire.
 l - a +2 leather armour of cold resistance
 m - a +0 pair of boots (worn)
 n - the +3 hat of Pondering {ponderous, Will+ MP+10 Int+5}
   (You took it off Gastronok on level 2 of the Lair of Beasts)

   Int:       It affects your intelligence (+5).
   MP:        It affects your magic capacity (+10).
   Will:      It increases your willpower.
 p - a +0 buckler (worn)
 s - a +1 scale mail of willpower
 w - a +0 leather armour
 C - a +0 cloak (worn)
Magical Staves
 o - a staff of death (weapon)
Jewellery
 f - a ring of protection from cold
 h - a +4 ring of protection (right hand)
 k - a +6 ring of strength (left hand)
 F - a +4 ring of slaying
 J - a ring of protection from cold
Wands
 b - a wand of roots (15) (quivered)
 r - a wand of digging (10)
 t - a wand of flame (29)
 y - a wand of paralysis (20)
Scrolls
 u - a scroll of enchant weapon
 D - a scroll of fog
 H - a scroll of immolation
Potions
 d - 2 potions of attraction
 i - 3 potions of lignification
 j - a potion of might
 q - a potion of curing
 B - 2 potions of mutation
 G - a potion of flight


   Skills:
 + Level 6.3 Fighting
 - Level 0.6 Axes
 + Level 5.6 Staves
 + Level 5.8 Armour
 + Level 6.3 Dodging
 + Level 6.8 Stealth
 + Level 5.4 Shields
 * Level 7.9 Spellcasting
 + Level 3.2 Conjurations
 + Level 8.5 Necromancy


You had 3 spell levels left.
You knew the following spells:

 Your Spells              Type           Power      Damage    Failure   Level
a - Necrotise             Necr           100%       1d9       1%          1
b - Vampiric Draining     Necr           71%        2d11      1%          3
c - Animate Dead          Necr           71%        N/A       3%          4
d - Agony                 Necr           71%        N/A       11%         5
e - Wereblood             Tmut           10%        N/A       21%         2
f - Hailstorm             Conj/Ice       19%        3d6       21%         3
g - Anguish               Hex/Necr       25%        N/A       22%         4

Your spell library contained the following spells:

 Spells                   Type           Power      Damage    Failure   Level
 Kiss of Death            Conj/Necr      100%       2d13      1%          1
 Sublimation of Blood     Necr           71%        N/A       1%          2
 Slow                     Hex            40%        N/A       13%         1
 Ensorcelled Hibernation  Hex/Ice        20%        N/A       21%         2
 Lesser Beckoning         Tloc           20%        N/A       21%         2
 Confusing Touch          Hex            10%        N/A       36%         3
 Gell's Gravitas          Tloc           10%        N/A       36%         3
 Kindle Blastsparks       Fire/Tloc/Air  20%        2d11      36%         3
 Portal Projectile        Hex/Tloc       20%        N/A       36%         3
 Spider Form              Tmut/Pois      10%        N/A       36%         3
 Teleport Other           Tloc           10%        N/A       36%         3
 Tukima's Dance           Hex            10%        N/A       36%         3
 Fulminant Prism          Conj/Hex       9%         3d6       54%         4
 Iskenderun's Mystic Bla  Conj/Tloc      19%        2d6       54%         4
 Ice Form                 Ice/Tmut       10%        N/A       78%         4
 Blade Hands              Tmut           5%         N/A       98%         5
 Lee's Rapid Deconstruct  Erth           5%         3d6*      98%         5
 Simulacrum               Ice/Necr       25%        N/A       98%         6
 Haunt                    Necr/Summ      25%        N/A       100%        7
 Summon Hydra             Summ           5%         N/A       100%        7
 Borgnjor's Revivificati  Necr           35%        N/A       100%        8
 Infestation              Necr           35%        N/A       100%        8
 Necromutation            Tmut/Necr      25%        N/A       100%        8
 Death's Door             Necr           35%        N/A       100%        9


Dungeon Overview and Level Annotations

Branches:
Dungeon (9/15)             Temple (1/1) D:7            Lair (2/5) D:8
  Swamp: Lair:2-3    Shoals: Lair:2-3     Snake: Lair:2-3    Spider: Lair:2-3
    Orc: D:9-12

Altars:
Fedhas
Kikubaaqudgha
Makhleb
Nemelex Xobeh
Okawaru
Qazlal
Sif Muna
Trog
Uskayaw
Xom
Yredelemnul

Annotations:
D:9 1 transporter


Innate Abilities, Weirdness & Mutations

You have a pair of antennae on your head.
Your demonic aura sometimes causes spilled blood to erupt in flames.
You regenerate a little health from kills.
You have an extremely huge brain. (Int +4)
You are agile. (Dex +4, Str/Int -1)
Your mind is acute. (Int +4, Str/Dex -1)


Message History

The seven-headed hydra closely misses you. x2
The seven-headed hydra misses you. The cane toad barely misses you.
The seven-headed hydra attacks as you move away!
The seven-headed hydra closely misses you.
The seven-headed hydra bites you but does no damage.
The seven-headed hydra bites you.
* * * LOW HITPOINT WARNING * * *
The seven-headed hydra bites you but does no damage. x2
You block the seven-headed hydra's attack.
The seven-headed hydra bites you but does no damage.
* * * LOW HITPOINT WARNING * * *
You feel very sick.
Casting: Necrotise (safe; 1% risk of failure)
Confirm with . or Enter, or press ? or * to list all spells.
Aiming: Vampiric Draining (safe; 1% risk of failure)
Press: ? - help, Shift-Dir - straight line, f - seven-headed hydra, p - cane toad
Aim: a seven-headed hydra You feel a surge of power!
You draw life force from the seven-headed hydra!
You feel life coursing into your body!
You feel very sick. The seven-headed hydra bites you!
* * * LOW HITPOINT WARNING * * *
The seven-headed hydra misses you.
You block the seven-headed hydra's attack.
The seven-headed hydra misses you.
The seven-headed hydra closely misses you.
The seven-headed hydra barely misses you.
You block the seven-headed hydra's attack.
You feel better.
The seven-headed hydra bites you but does no damage.
The seven-headed hydra bites you.
* * * LOW HITPOINT WARNING * * *
The seven-headed hydra bites you but does no damage.
The seven-headed hydra closely misses you.
The seven-headed hydra bites you.
* * * LOW HITPOINT WARNING * * *
The seven-headed hydra bites you!
You die...
Kikubaaqudgha rasps: "You have failed me!
Welcome... death!"

..#**∩** ♣...h,*,*,....♣ ##∩## #
..#**,** ♣.....*,*.....♣ ♣.♣♣ #
..#*,*,**♣.~.{.#*#...~.♣ ♣♣.♣ #
..#,,*,,*♣......♣......♣ ♣♣.♣♣ #
..#,***,*******♣.♣******#♣..♣*
..#,,*,,########[###### #.♣♣.♣*##
..#*,*,*#.......F.{...♣♣#.♣♣♣.##.
..#,,*,,♣♣..♣♣♣♣D♣..♣♣.♣♣...♣.#..
..#,*,*,,,*,,**♣@♣♣..♣♣.....♣,#..
.##,,*,,****,,*♣.♣♣♣..♣♣♣♣♣.♣♣#.#
..#*,*,** **,,♣.♣ *♣..♣ ♣♣.♣#.#
..#,,*,,*####**### *### ♣♣Z♣♣#.#
..#,***,##..# #♣.♣♣ #.#
..#,,*,,#..## #### #.♣♣ #.#
..#*,*,*#..####..#### #♣Z♣♣ #..
..#**,**#...........# ♣♣.♣ ##.
.###*####...##.##..## #####.#####


You could see a seven-headed hydra and a cane toad.

Vanquished Creatures
  2 hydras (Lair:2)
  Fannar (Lair:2)
  A two-headed ogre (D:8)
  Pikel (D:6)
  2 black mambas (Lair:2)
  5 cane toads
  A komodo dragon (Lair:2)
  A troll (D:9)
  3 blink frogs (Lair:2)
  A polar bear (Lair:1)
  A wyvern (Lair:1)
  7 yaks
  A basilisk (Lair:1)
  Menkaure (D:7)
  Edmund (D:5)
  2 wargs
  An acid dragon (D:8)
  4 water moccasins
  2 orc warriors (D:8)
  A sky beast (D:6)
  An ice beast (D:8)
  A black bear (D:8)
  3 wolves (Lair:2)
  2 centaurs (D:6)
  3 ogres
  A phantom (D:6)
  A kobold brigand (D:8)
  6 bullfrogs
  2 scorpions (D:5)
  10 wights
  3 howler monkeys (D:9)
  A wolf zombie (Lair:2)
  A bullfrog zombie (Lair:2)
  8 hounds
  2 jellies
  7 orc priests
  2 sleepcaps
  Ijyb (D:5)
  An iguana (D:6)
  6 orc wizards
  2 hell rats (Lair:2)
  8 gnolls
  9 adders
  2 river rats (D:4)
  A shadow imp (D:5)
  An ufetubus (D:5)
  2 dart slugs
  29 orcs
  6 bats
  2 endoplasms
  3 giant cockroaches
  5 goblins
  7 hobgoblins
  11 jackals
  8 kobolds
  4 quokkas
  4 ball pythons
  7 frilled lizards
  2 rats
214 creatures vanquished.

Vanquished Creatures (collateral kills)
  Gastronok (Lair:2)
  An elephant (Lair:2)
  A cane toad (Lair:2)
  A komodo dragon (Lair:1)
  3 blink frogs (Lair:2)
  2 yaks (D:9)
  2 wolves (Lair:2)
  A bullfrog (Lair:2)
  A jelly (D:8)
  An adder (D:3)
  2 orcs
  2 giant cockroaches (D:4)
  3 goblins
  2 kobolds (D:8)
  A frilled lizard (D:2)
24 creatures vanquished.

Vanquished Creatures (others)
  An elephant (Lair:2)
  A rime drake (Lair:2)
  2 hydra zombies (Lair:2)
  A polar bear (Lair:2)
  A black mamba zombie (Lair:2)
  A cane toad zombie (Lair:2)
  An elephant zombie (Lair:2)
  A bullfrog (Lair:2)
  A water moccasin zombie (Lair:2)
  A polar bear zombie (Lair:2)
  3 wolf zombies (Lair:2)
  6 fungi (Lair:2)
  65 plants
85 creatures vanquished.

Grand Total: 323 creatures vanquished

Notes
Turn   | Place    | Note
-------+----------+-------------------------------------------
     0 | D:1      | Pimp the Demonspawn Necromancer began the quest for the
                  | Orb.
     0 | D:1      | Reached XP level 1. HP: 13/13 MP: 3/3
   454 | D:1      | Gained mutation: Your demonic aura sometimes causes spilled
                  | blood to erupt in flames. [demonic ancestry]
   454 | D:1      | Reached XP level 2. HP: 18/19 MP: 3/5
   652 | D:1      | Found a faded altar of an unknown god.
  1392 | D:2      | You fall into a shaft and drop 1 floor!
  1405 | D:3      | Reached XP level 3. HP: 25/25 MP: 6/6
  1661 | D:3      | Reached XP level 4. HP: 27/31 MP: 5/7
  1665 | D:3      | Learned a level 3 spell: Vampiric Draining
  1778 | D:3      | Learned a level 4 spell: Animate Dead
  1960 | D:3      | Reached skill level 1 in Fighting
  2378 | D:4      | Noticed an ogre
  2397 | D:4      | Killed an ogre
  2398 | D:4      | Reached skill level 1 in Armour
  2398 | D:4      | Reached XP level 5. HP: 15/37 MP: 0/9
  2731 | D:4      | Reached skill level 5 in Necromancy
  3119 | D:4      | Reached skill level 1 in Staves
  3196 | D:4      | Gained mutation: You have a pair of small antennae on your
                  | head. [demonic ancestry]
  3196 | D:4      | Reached XP level 6. HP: 29/44 MP: 1/10
  3338 | D:5      | Entered Level 5 of the Dungeon
  3475 | D:5      | Noticed Edmund
  3638 | D:5      | Reached skill level 1 in Shields
  3905 | D:5      | Gained mutation: You have a pair of antennae on your head.
                  | [demonic ancestry]
  3905 | D:5      | Reached XP level 7. HP: 7/50 MP: 7/11
  3910 | D:5      | HP: 2/50 [poisoned by a scorpion]
  4341 | D:5      | Noticed Ijyb
  4346 | D:5      | Killed Ijyb
  4604 | D:5      | Killed Edmund
  4697 | D:5      | Gained mutation: You are agile. (Dex +4, Str/Int -1)
                  | [potion of mutation]
  4697 | D:5      | Gained mutation: Your mind is acute. (Int +4, Str/Dex -1)
                  | [potion of mutation]
  5256 | D:6      | Gained mutation: You have an unusually large brain. (Int
                  | +2) [demonic ancestry]
  5256 | D:6      | Reached XP level 8. HP: 32/57 MP: 5/13
  5631 | D:6      | Identified the +5 ring mail of Dice, Bag, and Bottle {rF+
                  | Dex+4}
  5844 | D:6      | Found a blossoming altar of Fedhas.
  5891 | D:6      | Reached skill level 6 in Necromancy
  6003 | D:6      | Found a shimmering altar of Xom.
  6848 | D:7      | Noticed Pikel
  7018 | D:6      | Paralysed by Pikel for 3 turns
  7114 | D:6      | Killed Pikel
  7115 | D:6      | Reached XP level 9. HP: 39/65 MP: 4/15
  7304 | D:7      | Learned a level 5 spell: Agony
  7307 | D:7      | Learned a level 2 spell: Wereblood
  7605 | D:7      | Noticed Menkaure
  7628 | D:7      | Killed Menkaure
  7879 | D:7      | Found a staircase to the Ecumenical Temple.
  7889 | Temple   | Entered the Ecumenical Temple
  7907 | Temple   | Became a worshipper of Kikubaaqudgha
  8008 | D:7      | Reached skill level 5 in Spellcasting
  8198 | D:8      | Reached skill level 5 in Stealth
  8608 | D:7      | Reached skill level 7 in Necromancy
  8657 | D:7      | Learned a level 3 spell: Hailstorm
  8849 | D:8      | Noticed a two-headed ogre
  8857 | D:8      | Killed a two-headed ogre
  8858 | D:8      | Reached skill level 5 in Dodging
  8858 | D:8      | Gained mutation: You have an extremely huge brain. (Int +4)
                  | [demonic ancestry]
  8858 | D:8      | Reached XP level 10. HP: 63/73 MP: 2/18
  9101 | D:8      | Found a staircase to the Lair.
 10482 | D:9      | Reached skill level 5 in Fighting
 10870 | D:9      | Found a transporter.
 10954 | D:9      | Reached * piety under Kikubaaqudgha
 10954 | D:9      | Received a gift from Kikubaaqudgha
 10983 | D:9      | Noticed a two-headed ogre
 11123 | Lair:1   | Entered Level 1 of the Lair of Beasts
 11790 | Lair:2   | Noticed a cane toad
 11800 | Lair:1   | Killed a cane toad
 11801 | Lair:1   | Reached skill level 5 in Armour
 11801 | Lair:1   | Reached skill level 1 in Conjurations
 12111 | Lair:2   | Identified a scroll of acquirement
 12111 | Lair:2   | Acquired a book of Dreams
 12156 | Lair:2   | Noticed a cane toad
 12241 | Lair:2   | Gained mutation: You regenerate a little health from kills.
                  | [demonic ancestry]
 12241 | Lair:2   | Reached XP level 11. HP: 33/80 MP: 3/21
 12249 | Lair:2   | Reached skill level 5 in Staves
 12440 | Lair:2   | Reached skill level 8 in Necromancy
 12630 | Lair:2   | Noticed Gastronok
 12756 | Lair:2   | Noticed Fannar
 12789 | Lair:1   | Reached skill level 5 in Shields
 12871 | Lair:1   | Learned a level 4 spell: Anguish
 12923 | Lair:2   | Noticed a five-headed hydra
 12938 | Lair:2   | Killed a five-headed hydra
 12955 | Lair:2   | Noticed a seven-headed hydra
 12978 | Lair:2   | Noticed a death yak
 12990 | Lair:2   | Killed a seven-headed hydra
 13430 | Lair:2   | Killed Gastronok
 13675 | Lair:2   | Killed Fannar
 13891 | Lair:2   | Noticed a seven-headed hydra
 13905 | Lair:2   | Slain by a seven-headed hydra

Illustrated notes

Levels and vault maps discovered:
D:1:      dpeg_arrival_lava_altar, layout_basic, ebering_ecumenical_altar_rust,
          minivault_26
D:2:      layout_basic, basic_altar, minmay_goblin_outpost, uniq_jessica
D:3:      layout_basic
D:4:      layout_cave_pools, gup_sewer_entry_bubbles, hangedman_glass_teeth,
          minmay_hedge_maze, st_stairs_13, kennysheep_generic_room_13
D:5:      layout_basic, hex_large, saegor_snake_ambush, uniq_edmund, uniq_ijyb
D:6:      layout_basic, chequers_temple_overflow_statue_of_worship,
          lemuel_crystal_altar, minmay_lizard_king
D:7:      layout_rooms, minmay_temple_entry_poolview, uniq_menkaure, uniq_pikel
D:8:      layout_basic, erik_lair_orcish_takeover, serial_curves,
          eino_curves_01, eino_curves_04, enter_bailey_7, nrook_mini_backslash
D:9:      gammafunk_cloud_chamber, layout_irregular_city
Temple:   compressed_dpeg_triangle_lava_temple
Lair:1:   layout_regular_city, minivault_23
Lair:2:   nzn_winding_woodlands_stair_trap [nzn_winding_woodlands_5x15_crooked,
          nzn_winding_woodlands_5x15_river_crossing,
          nzn_winding_woodlands_5x15_pockets,
          nzn_winding_woodlands_15x15_five_gardens,
          nzn_winding_woodlands_5x15_garden, nzn_winding_woodlands_5x15_twine,
          nzn_winding_woodlands_5x15_sidewinder], layout_loops_ring,
          gauntlet_entry_generic, uniq_fannar, uniq_gastronok

Skill      XL: |  1  2  3  4  5  6  7  8  9 10 11 |
---------------+----------------------------------+-----
Stealth        | 2 3 4 5 6 |  6.8
Dodging        | 2 3 4 5 6 |  6.3
Fighting       | 1 2 3 4 5 6 |  6.3
Armour         | 1 2 3 4 5 |  5.8
Necromancy     | 5 6 7 8 |  8.5
Staves         | 1 2 3 4 5 |  5.6
Spellcasting   | 3 4 5 6 7 |  7.9
Shields        | 1 2 3 4 5 |  5.4
Conjurations   | 1 3 |  3.2
Axes           | |  0.6

Action                     |  1- 3 |  4- 6 |  7- 9 | 10-12 || total
---------------------------+-------+-------+-------+-------++-------
  Melee: Unarmed           |    12 |       |       |       ||    12
         Hand axe          |    73 |     5 |       |       ||    78
         Punch             |     1 |     2 |     3 |       ||     6
         Staff             |       |    95 |   379 |   279 ||   753
  Throw: Dart              |       |     5 |       |     3 ||     8
   Cast: Necrotise         |    26 |    55 |   110 |   121 ||   312
         Animate Dead      |       |     1 |       |     5 ||     6
         Vampiric Draining |       |    13 |    46 |    79 ||   138
         Wereblood         |       |       |     1 |     2 ||     3
         Hailstorm         |       |       |       |     1 ||     1
         Anguish           |       |       |       |     1 ||     1
 Invoke: Unearth Wretches  |       |       |       |     3 ||     3
  Evoke: Wand              |       |       |       |     7 ||     7
    Use: Scroll            |     5 |     3 |     7 |    11 ||    26
         Potion            |       |     1 |     9 |    10 ||    20
   Stab: Sleeping          |     2 |     5 |     1 |     2 ||    10
         Distracted        |       |       |     1 |       ||     1
         Paralysed         |       |       |       |     5 ||     5
         Invisible         |       |       |       |     1 ||     1
 Armour: Robe              |    57 |    70 |     2 |       ||   129
         Leather armour    |       |       |    77 |       ||    77
         Ring mail         |       |       |   143 |   174 ||   317
         Skin              |       |       |     4 |       ||     4
  Dodge: Dodged            |    94 |   114 |   382 |   270 ||   860
  Block: Buckler           |       |       |    52 |   125 ||   177

Table legend: (Time is in decaauts)
 A = Elapsed time spent in this place.
 B = Non-inter-level travel time spent in this place.
 C = Inter-level travel time spent in this place.
 D = Time resting spent in this place.
 E = Time spent auto-exploring this place.
 F = Levels seen in this place.
 G = Mean time per level.
                   A        B        C        D        E       F      G
               +--------+--------+--------+--------+--------+-----+--------+
         Total |  14032 |  13354 |    678 |   4421 |   4507 |  12 | 1169.3 |
       Dungeon |  11236 |  10870 |    366 |   3259 |   4291 |   9 | 1248.4 |
        Temple |     29 |     29 |      0 |      0 |     11 |   1 |   29.0 |
          Lair |   2765 |   2453 |    312 |   1162 |    205 |   2 | 1382.5 |
               +--------+--------+--------+--------+--------+-----+--------+

Top non-repeatable levels by time:
     D:5: 1955 daAuts
     D:6: 1885 daAuts
  Lair:2: 1644 daAuts
     D:7: 1618 daAuts
     D:8: 1579 daAuts
  Lair:1: 1121 daAuts
     D:1: 1117 daAuts
     D:4: 1071 daAuts
     D:3: 1001 daAuts
     D:9: 725 daAuts
     D:2: 282 daAuts
  Temple: 29 daAuts
